 Dungeon Crawl Stone Soup version 0.20-a0-2-g2b0e13a (webtiles) character file.

105 JeffiDaFish the Chopper (level 4, -8/40 HPs)
             Began as a Hill Orc Fighter on Oct 29, 2016.
             Killed from afar by xnavy's ghost (22 damage)
             ... with a stone arrow
             ... on level 3 of the Dungeon.
             The game lasted 00:05:27 (1936 turns).

JeffiDaFish the Chopper (Hill Orc Fighter)          Turns: 1936, Time: 00:05:28

Health: -8/40      AC:  9    Str: 19    XL:     4   Next: 81%
Magic:  4/4        EV:  7    Int:  8    God:
Gold:   137        SH:  9    Dex: 10    Spells: 0 memorised, 3 levels left

rFire  . . .     SeeInvis .     a - +0 war axe
rCold  . . .     Gourm    .     b - +0 scale mail
rNeg   . . .     Faith    .     c - +0 shield
rPois  .         Spirit   .     g - +1 helmet
rElec  .         Reflect  .     (no cloak)
rCorr  .         Harm     .     (no gloves)
MR     +....                    (no boots)
Stlth  ..........               (no amulet)
                                (no ring)
                                l - ring of protection from magic

@: flying
A: no striking features
a: no special abilities


You were on level 3 of the Dungeon.
You were not hungry.

You visited 1 branch of the dungeon, and saw 3 of its levels.

You collected 137 gold pieces.

Inventory:

Hand Weapons
 a - a +0 war axe (weapon)
Armour
 b - a +0 scale mail (worn)
 c - a +0 shield (worn)
 g - a +1 helmet (worn)
Jewellery
 l - a ring of protection from magic (left hand)
Wands
 h - a wand of digging (18/24)
Scrolls
 d - a scroll of identify
 j - 2 scrolls of teleportation
 k - a scroll of remove curse
Potions
 e - a potion of invisibility
Comestibles
 f - a bread ration
 i - a beef jerky
 n - 7 chunks of flesh


   Skills:
 + Level 4.2 Fighting
 + Level 4.8 Axes
 + Level 4.0 Armour
 + Level 0.2 Dodging
 + Level 3.5 Shields


You had 3 spell levels left.
You didn't know any spells.

Dungeon Overview and Level Annotations

Branches:
Dungeon (3/15)

Altars:
Nemelex Xobeh

Annotations:
D:3 xnavy's ghost, amateur DgEE


Message History

Xnavy's ghost is lightly damaged.
Xnavy's ghost points at you and mumbles some strange words.
The rocky blast hits you!
You hit xnavy's ghost.
Xnavy's ghost is lightly damaged.
Xnavy's ghost casts a spell at you. The stone arrow hits you!
You block xnavy's ghost's attack.
You closely miss xnavy's ghost.
Xnavy's ghost is lightly damaged.
You block xnavy's ghost's attack.
You completely miss xnavy's ghost.
Xnavy's ghost is lightly damaged.
Xnavy's ghost shrieks, "They lied to you.
The Dungeon just goes down and down forever."
Xnavy's ghost hits you.
You barely miss xnavy's ghost.
Xnavy's ghost is lightly damaged.
Xnavy's ghost casts a spell at you. The stone arrow hits you!
Ouch! That really hurt!
You die...

#.# #.##
##..#########.
##.....#.......
##..<..........#
#...............
#...............
#...............
#.....W@.)......
#...............
#...............
................#
.....<.........##
.........#..$...
.......####.....
....... ....


You could see xnavy's ghost.

Vanquished Creatures
  Robin (D:2)
  2 adders (D:2)
  2 oozes
  A worm (D:2)
  A dart slug (D:2)
  A leopard gecko (D:2)
  2 orcs (D:2)
  A giant cockroach (D:2)
  15 goblins
  11 hobgoblins
  2 quokkas (D:2)
  A ball python (D:1)
  5 bats
  2 frilled lizards
  6 kobolds
  5 rats
58 creatures vanquished.

Notes
Turn   | Place    | Note
-------+----------+-------------------------------------------
     0 | D:1      | JeffiDaFish the Hill Orc Fighter began the quest for the Orb.
     0 | D:1      | Reached XP level 1. HP: 19/19 MP: 1/1
   194 | D:1      | Reached XP level 2. HP: 24/27 MP: 2/2
   681 | D:1      | Reached XP level 3. HP: 30/33 MP: 3/3
  1298 | D:2      | Noticed Robin
  1312 | D:2      | Killed Robin
  1312 | D:2      | Reached XP level 4. HP: 5/40 MP: 4/4
  1626 | D:2      | Found a sparkling altar of Nemelex Xobeh.
  1920 | D:3      | Noticed xnavy's ghost (amateur DgEE)
  1936 | D:3      | Killed from afar by xnavy's ghost

Vault maps used:
D:1:      dpeg_cavernosity
D:2:      nemelex_xobeh_ov_fountains_minmay, kennysheep_crisscross, uniq_robin
D:3:      nicolae_tso_carved_into_rock, uniq_jessica

Skill      XL: |  1  2  3  4 |
---------------+-------------+-----
Fighting       | 4 |  4.2
Axes           | 3 4 |  4.8
Armour         | 4 |  4.0
Dodging        | |  0.2
Shields        | |  3.5

Action                   |  1- 3 |  4- 6 || total
-------------------------+-------+-------++-------
Melee: War axe           |   122 |    56 ||   178
  Use: Scroll            |     6 |     2 ||     8
       Potion            |     5 |     1 ||     6
  Eat: Chunk             |     2 |       ||     2
       Meat ration       |       |     1 ||     1
Armor: Scale mail        |    65 |    26 ||    91
Dodge: Dodged            |    46 |    18 ||    64
Block: Shield            |    57 |    23 ||    80
